 Dungeon Sprint DCSS version 0.22-a0-362-g535178c5c5 (webtiles) character file.

68320 KillingSpree the Hoplite (level 14, 0/157 HPs)
             Began as a Deep Dwarf Fighter on Apr 21, 2018.
             Was the Champion of Makhleb.
             Succumbed to Mara's poison
             ... in the Dungeon (Sprint IX: "|||||||||||||||||||||||||||||").
             The game lasted 00:10:32 (3320 turns).

KillingSpree the Hoplite (Deep Dwarf Fighter)       Turns: 3320, Time: 00:10:32

Health: 0/157      AC: 38    Str: 25    XL:     14   Next: 86%
Magic:  7/7        EV: 13    Int:  9    God:    Makhleb [******]
Gold:   1433       SH: 26    Dex: 12    Spells: 13/13 levels left

rFire    + + .     SeeInvis .   o - +2 morningstar (protect)
rCold    . . .     Gourm    .   G - +1 large shield
rNeg     + . .     Faith    .   M - +5 plate armour
rPois    .         Spirit   .   (helmet restricted)
rElec    .         Reflect  .   r - +1 cloak
rCorr    .         Harm     .   a - +2 pair of gloves {archery}
MR       ++...     NoTele   +   F - +2 pair of boots {Fly}
Stlth    ..........             (no amulet)
HPRegen  0.00/turn              C - ring of protection from fire
MPRegen  0.10/turn              A - ring of protection from fire

@: lethally poisoned (0 -> -4), protection aura, flying, non-regenerating
A: damage resistance, heal wounds, horns 1, negative energy resistance 1, sense
surroundings 2, no regeneration
a: Heal Wounds, Minor Destruction, Lesser Servant of Makhleb, Major Destruction,
Greater Servant of Makhleb, Renounce Religion, Stop Flying


You were in the Dungeon.
You worshipped Makhleb.
Makhleb was exalted by your worship.
You were hungry.

You visited 1 branch You collected 1920 gold pieces.
You spent 487 gold pieces at shops.

Inventory:

Hand Weapons
 o - a +2 morningstar of protection (weapon)
Armour
 a - a +2 pair of gloves of archery (worn)
 r - a +1 cloak (worn)
 w - a +2 shield
 z - a +1 hat
 F - a +2 pair of boots of flying (worn)
 G - a +1 large shield (worn)
 L - a +0 helmet of intelligence
 M - a +5 plate armour (worn)
Jewellery
 A - a ring of protection from fire (right hand)
 C - a ring of protection from fire (left hand)
 H - a +4 ring of protection
 I - a +2 ring of slaying
 J - a +2 ring of slaying
 K - a +4 ring of protection
Wands
 n - a wand of iceblast (7)
 y - a wand of polymorph (7)
Scrolls
 b - 3 scrolls of fog
 c - 2 scrolls of fear
 k - 5 scrolls of blinking
 l - 6 scrolls of remove curse
 m - 2 scrolls of amnesia
 p - 2 scrolls of enchant weapon
 u - 3 scrolls of identify
 x - 2 scrolls of enchant armour
Potions
 d - a potion of flight
 e - 12 potions of curing
 g - 12 potions of heal wounds
 h - 2 potions of might
 i - 4 potions of magic
 j - a potion of invisibility
 q - a potion of berserk rage
 t - a potion of haste
 v - 4 potions of agility
Comestibles
 f - 10 rations
 s - 4 chunks of flesh


   Skills:
 + Level 18.8 Fighting
 + Level 22.4 Maces & Flails
 + Level 14.8 Armour
 + Level 12.7 Dodging
 + Level 23.0 Shields


You had 13 spell levels left.
You didn't know any spells.

Dungeon Overview and Level Annotations

Branches:
Dungeon (1/1)

Altars:
Cheibriados
Dithmenos
Elyvilon
Fedhas
Gozag
Hepliaklqana
Kikubaaqudgha
Makhleb
Nemelex Xobeh
Okawaru
Qazlal
Ru
Sif Muna
Trog
Uskayaw
Vehumet
Wu Jian
Xom
Yredelemnul
Zin
The Shining One
Beogh
Jiyva
Lugonu

Shops:
D [!([

Annotations:
D Mara


Innate Abilities, Weirdness & Mutations

You are resistant to damage.
You can heal yourself by infusing magical energy.
You resist negative energy. (rN+)
You passively map the area around you.
You do not regenerate.
You have a pair of small horns on your head.


Message History

You block Mara's attack.
You miss Mara.
Mara is heavily wounded.
You feel sick.
KillingSpree's illusion hits you but does no damage.
You puncture Mara!
Mara is severely wounded.
You feel sick. You block Mara's attack.
You hit Mara but do no damage. You headbutt Mara.
Mara is severely wounded.
You feel sick. KillingSpree's illusion hits you!
* * * LOW HITPOINT WARNING * * *
You sock Mara!
Mara is severely wounded.
* * * LOW HITPOINT WARNING * * *
You feel sick. You block Mara's attack.
You block KillingSpree's illusion's attack.
You closely miss Mara.
Mara is severely wounded.
You die...

, ▓.▓.▓.▓.▓.♣÷♣.▓.▓.
, ♣.▓[▓.▓.▓.▓'▓.▓.▓.
,* + ,
♣.▓.▓.▓)▓.▓)▓.▓.▓.
,* * *, , ,
,♣)▓.▓.▓.▓.▓)▓.▓.▓.
,
*,♣.▓.▓.▓(▓.▓)▓.▓.▓.
*,*, *
♣.▓.▓.▓.▓.▓.▓.▓.▓. *
* , ,
♣.▓.▓.▓)▓.▓.▓.▓.▓. ,
,* * ,
♣@▓.▓.▓(▓.▓.▓.▓.▓. ,
, ,
♣@▓.▓.▓)▓.▓.▓.▓+▓.
,*
♣R▓.▓.▓)▓.▓.▓.▓.▓.
,* , ,*
,♣.▓.▓.▓.▓.▓.▓.▓(▓.
,*,
♣.▓.▓.▓.▓.▓+▓.▓(▓. *
,♣.▓.▓.▓.▓.▓†▓.▓)▓.
,
,♣.▓.▓.▓.▓.▓.▓.▓)▓.
,* *, ,
♣.▓.▓.▓.▓.▓.▓.▓)▓. ,
* ▓.▓.▓.▓.▓.▓.▓.▓)▓.
,* *
▓.▓.▓.▓.▓)▓.▓.▓.▓.


You could see Mara and KillingSpree's illusion.

Vanquished Creatures
  Jory (D)
  Frances (D)
  Gastronok (D)
  A tengu reaver (D)
  2 fire giants (D)
  2 vault wardens (D)
  2 frost giants (D)
  An ironheart preserver (D)
  2 stone giants (D)
  2 very ugly things (D)
  2 yaktaur captains (D)
  Snorg (D)
  A merfolk impaler (D)
  2 fire dragons (D)
  3 ice dragons (D)
  3 great orbs of eyes (D)
  A naga warrior (D)
  A rakshasa (D)
  2 hydras (D)
  Erica (D)
  An anaconda (D)
  2 centaur warriors (D)
  4 death yaks (D)
  2 deep troll earth magi (D)
  A two-headed ogre (D)
  2 tengu warriors (D)
  A shock serpent (D)
  8 orc high priests (D)
  A vampire mage (D)
  Sonja (D)
  A naga ritualist (D)
  A wizard (D)
  A swamp dragon (D)
  A shambling mangrove (D)
  A harpy (D)
  7 orc knights (D)
  3 ugly things (D)
  4 orb spiders (D)
  A necromancer (D)
  A manticore (D)
  A mana viper (D)
  2 wolf spiders (D)
  A cyclops (D)
  A merfolk siren (D)
  2 black mambas (D)
  Joseph (D)
  5 spiny frogs (D)
  A vault sentinel (D)
  A naga mage (D)
  A guardian serpent (D)
  A freezing wraith (D)
  2 trolls (D)
  2 hornets (D)
  A tyrant leech (D)
  A meliai (D)
  A queen bee (shapeshifter) (D)
  2 merfolk (D)
  2 blink frogs (D)
  3 wind drakes (D)
  4 slime creatures (D)
  A hippogriff (D)
  3 redbacks (D)
  A snapping turtle (D)
  A vampire (D)
  5 yaks (D)
  A vampire mosquito (D)
  A water moccasin (D)
  2 porcupines (D)
  A floating eye (shapeshifter) (D)
  A swamp drake (D)
  5 orc warriors (D)
  An ice beast (D)
  2 sky beasts (D)
  An ogre (D)
  A boggart (D)
  A centaur (D)
  3 crocodiles (D)
  5 bullfrogs (D)
  A howler monkey (D)
  A crimson imp (D)
  9 orc priests (D)
  5 orc wizards (D)
  A shadow imp (D)
  8 orcs (D)
  A bat zombie (D)
  A goblin (D)
  A frilled lizard (D)
  2 jackal skeletons (D)
  A leopard gecko zombie (D)
  2 quokka skeletons (D)
  3 rats (D)
183 creatures vanquished.

Vanquished Creatures (others)
  A fire dragon (D)
1 creature vanquished.

Grand Total: 184 creatures vanquished

Notes
Turn   | Place    | Note
-------+----------+-------------------------------------------
     0 | D        | KillingSpree the Deep Dwarf Fighter began the quest for the Orb.
     0 | D        | Reached XP level 1. HP: 20/20 MP: 1/1
    26 | D        | Noticed an ogre
    26 | D        | Noticed a sky beast
    34 | D        | Killed an ogre
    34 | D        | Reached XP level 2. HP: 21/27 MP: 2/2
    34 | D        | Reached XP level 3. HP: 26/33 MP: 3/3
    34 | D        | Reached XP level 4. HP: 31/40 MP: 4/4
    42 | D        | Killed a sky beast
    42 | D        | Reached XP level 5. HP: 36/46 MP: 5/5
    88 | D        | Found a roughly hewn altar of Beogh.
    88 | D        | Found a snail-covered altar of Cheibriados.
    88 | D        | Found a shadowy altar of Dithmenos.
    88 | D        | Found a white marble altar of Elyvilon.
    88 | D        | Found a blossoming altar of Fedhas.
    88 | D        | Found an opulent altar of Gozag.
    89 | D        | Found a hazy altar of Hepliaklqana.
    90 | D        | Found a viscous altar of Jiyva.
    91 | D        | Found an ancient bone altar of Kikubaaqudgha.
    92 | D        | Found a corrupted altar of Lugonu.
    93 | D        | Found a burning altar of Makhleb.
    94 | D        | Found a sparkling altar of Nemelex Xobeh.
    95 | D        | Found an iron altar of Okawaru.
    96 | D        | Found a stormy altar of Qazlal.
    97 | D        | Found a sacrificial altar of Ru.
    98 | D        | Found a deep blue altar of Sif Muna.
    99 | D        | Found a bloodstained altar of Trog.
   100 | D        | Found a hide-covered altar of Uskayaw.
   101 | D        | Became a worshipper of Makhleb the Destroyer
   102 | D        | Found a radiant altar of Vehumet.
   103 | D        | Found an ornate altar of the Wu Jian Council.
   104 | D        | Found a shimmering altar of Xom.
   105 | D        | Found a basalt altar of Yredelemnul.
   106 | D        | Found a glowing silver altar of Zin.
   107 | D        | Found a glowing golden altar of the Shining One.
   161 | D        | Noticed a troll
   161 | D        | Noticed a centaur
   161 | D        | Noticed an ice beast
   161 | D        | Noticed a two-headed ogre
   166 | D        | Reached skill level 4 in Shields
   174 | D        | Killed a troll
   174 | D        | Reached skill level 5 in Armour
   174 | D        | Reached skill level 1 in Dodging
   174 | D        | Reached skill level 6 in Shields
   174 | D        | Reached XP level 6. HP: 49/60 MP: 6/6
   180 | D        | Reached * piety under Makhleb
   180 | D        | Reached skill level 5 in Fighting
   180 | D        | Reached XP level 7. HP: 55/67 MP: 7/7
   194 | D        | Killed a two-headed ogre
   194 | D        | Reached skill level 8 in Shields
   194 | D        | Reached XP level 8. HP: 44/78 MP: 8/8
   195 | D        | Reached ** piety under Makhleb
   206 | D        | Noticed a slime creature
   206 | D        | Noticed a troll
   206 | D        | Noticed a slime creature
   216 | D        | Killed a slime creature
   229 | D        | Killed a troll
   238 | D        | Killed a slime creature
   238 | D        | Reached *** piety under Makhleb
   292 | D        | Noticed Sonja
   297 | D        | Killed Sonja
   297 | D        | Reached skill level 15 in Maces & Flails
   297 | D        | Reached skill level 9 in Shields
   297 | D        | Gained mutation: You passively map the area around you. [Deep Dwarf growth]
   297 | D        | Reached XP level 9. HP: 60/88 MP: 9/9
   344 | D        | Got the Compendium of the Oath
   356 | D        | Noticed a six-headed hydra
   365 | D        | Killed a six-headed hydra
   365 | D        | Reached **** piety under Makhleb
   367 | D        | Noticed a spiny frog
   370 | D        | Reached skill level 5 in Dodging
   374 | D        | Noticed a spiny frog
   377 | D        | Reached skill level 10 in Shields
   383 | D        | Reached ***** piety under Makhleb
   387 | D        | Killed a spiny frog
   387 | D        | Reached XP level 10. HP: 63/99 MP: 10/10
   395 | D        | Killed a spiny frog
   420 | D        | Noticed a spiny frog
   420 | D        | Noticed an eight-headed hydra
   420 | D        | Noticed a spiny frog
   422 | D        | Killed a spiny frog
   435 | D        | Killed an eight-headed hydra
   435 | D        | Reached skill level 10 in Fighting
   440 | D        | Reached skill level 11 in Shields
   445 | D        | Killed a spiny frog
   456 | D        | Reached ****** piety under Makhleb
   459 | D        | Reached skill level 10 in Armour
   476 | D        | Noticed a death yak
   476 | D        | Noticed a death yak
   477 | D        | Noticed a death yak
   482 | D        | Killed a death yak
   483 | D        | Noticed a death yak
   489 | D        | Killed a death yak
   489 | D        | Reached skill level 12 in Shields
   500 | D        | Killed a death yak
   500 | D        | Reached XP level 11. HP: 92/111 MP: 10/10
   518 | D        | Killed a death yak
   578 | D        | Noticed Erica
   590 | D        | Killed Erica
   590 | D        | Reached skill level 13 in Shields
   608 | D        | Noticed Joseph
   628 | D        | Killed Joseph
   759 | D        | Noticed an orc knight
   759 | D        | Noticed an orc knight
   760 | D        | Noticed an orc knight
   768 | D        | Killed an orc knight
   774 | D        | Killed an orc knight
   802 | D        | Killed an orc knight
   947 | D        | Found Sarepsat's Antique Armour Emporium.
   947 | D        | Noticed an orc high priest
   947 | D        | Noticed an orc high priest
   947 | D        | Noticed an orc high priest
   950 | D        | Noticed an orc high priest
   972 | D        | Killed an orc high priest
   973 | D        | Found Rozy's Distillery.
   990 | D        | Killed an orc high priest
   994 | D        | Noticed an orc high priest
  1001 | D        | Noticed a soul eater
  1008 | D        | Killed an orc high priest
  1008 | D        | Reached skill level 14 in Shields
  1009 | D        | Found Juxerodue's Weapon Emporium.
  1009 | D        | Noticed an orc high priest
  1019 | D        | Killed an orc high priest
  1069 | D        | Found Nuwaqiv's Antique Armour Shoppe.
  1069 | D        | Noticed an orc high priest
  1088 | D        | Killed an orc high priest
  1088 | D        | Reached XP level 12. HP: 62/126 MP: 9/9
  1090 | D        | Noticed an orc high priest
  1093 | D        | Killed an orc high priest
  1145 | D        | Killed an orc high priest
  1160 | D        | Killed an orc high priest
  1199 | D        | Bought a pair of embroidered gloves for 127 gold pieces
  1203 | D        | Bought a potion of heal wounds for 60 gold pieces
  1203 | D        | Bought a potion of curing for 36 gold pieces
  1203 | D        | Bought a potion of heal wounds for 60 gold pieces
  1203 | D        | Bought a potion of curing for 36 gold pieces
  1203 | D        | Bought 2 potions of curing for 72 gold pieces
  1207 | D        | Bought a potion of might for 48 gold pieces
  1207 | D        | Bought a potion of agility for 48 gold pieces
  1243 | D        | Noticed Gastronok
  1259 | D        | Killed Gastronok
  1259 | D        | Reached skill level 10 in Dodging
  1438 | D        | Noticed a centaur warrior
  1439 | D        | Noticed an ice dragon
  1449 | D        | Reached skill level 15 in Shields
  1453 | D        | Noticed a tengu warrior
  1458 | D        | Noticed a fire giant
  1459 | D        | Noticed a stone giant
  1467 | D        | Noticed a deep troll earth mage
  1472 | D        | Killed a centaur warrior
  1489 | D        | Killed an ice dragon
  1496 | D        | Noticed a tengu warrior
  1502 | D        | Killed a fire giant
  1515 | D        | Killed a stone giant
  1515 | D        | Reached skill level 15 in Fighting
  1537 | D        | Killed a tengu warrior
  1537 | D        | Reached skill level 16 in Shields
  1543 | D        | Killed a deep troll earth mage
  1549 | D        | Killed a tengu warrior
  1744 | D        | Noticed a merfolk impaler
  1763 | D        | Reached XP level 13. HP: 86/139 MP: 9/9
  1787 | D        | Reached skill level 17 in Shields
  1801 | D        | Killed a merfolk impaler
  2119 | D        | Reached skill level 18 in Shields
  2269 | D        | Reached skill level 19 in Shields
  2321 | D        | Noticed Frances
  2349 | D        | Killed Frances
  2419 | D        | Noticed a fire dragon
  2419 | D        | Noticed a fire giant
  2427 | D        | Noticed a fire dragon
  2433 | D        | Noticed a frost giant
  2441 | D        | Killed a fire dragon
  2446 | D        | Noticed a tengu reaver
  2467 | D        | Noticed a purple very ugly thing
  2480 | D        | Killed a fire giant
  2503 | D        | Killed a fire dragon
  2503 | D        | Reached skill level 20 in Shields
  2509 | D        | Killed a frost giant
  2544 | D        | Killed a tengu reaver
  2544 | D        | Gained mutation: You resist negative energy. (rN+) [Deep Dwarf growth]
  2544 | D        | Reached XP level 14. HP: 139/153 MP: 10/10
  2556 | D        | Killed a purple very ugly thing
  2603 | D        | Reached skill level 21 in Shields
  2674 | D        | Noticed a vault warden
  2712 | D        | Killed a vault warden
  2766 | D        | Noticed a green very ugly thing
  2779 | D        | Reached skill level 22 in Shields
  2785 | D        | Noticed a frost giant
  2795 | D        | Killed a green very ugly thing
  2837 | D        | Killed a frost giant
  2869 | D        | Noticed a vault warden
  2870 | D        | Noticed an ironheart preserver
  2871 | D        | Noticed a stone giant
  2887 | D        | Killed a vault warden
  2895 | D        | Killed an ironheart preserver
  2908 | D        | Killed a stone giant
  3143 | D        | Gained mutation: Your magical capacity is low. (-10% MP) [potion of mutation]
  3143 | D        | Lost mutation: Your magical capacity is low. (-10% MP) [potion of mutation]
  3143 | D        | Gained mutation: You have a pair of small horns on your head. [potion of mutation]
  3156 | D        | Noticed Snorg
  3170 | D        | Killed Snorg
  3196 | D        | Noticed Jory
  3214 | D        | Killed Jory
  3214 | D        | Reached skill level 23 in Shields
  3221 | D        | Noticed Mara
  3224 | D        | Noticed KillingSpree's illusion
  3318 | D        | HP: 3/157 [KillingSpree's illusion[Mara] (13)]
  3320 | D        | Succumbed to Mara's poison

Vault maps used:
D:        linesprint

Skill      XL: |  1  2  3  4  5  6  7  8  9 10 11 12 13 14 |
---------------+-------------------------------------------+-----
Maces & Flails | 8 11 12 13 15 16 17 18 19 21 22 | 22.4
Fighting       | 4 5 6 8 9 11 13 15 17 18 | 18.8
Armour         | 5 6 7 8 9 10 11 12 13 14 | 14.8
Shields        | 6 8 9 10 12 14 16 20 23 | 23.0
Dodging        | 1 2 3 4 5 7 9 10 11 12 | 12.7

Action                   |  1- 3 |  4- 6 |  7- 9 | 10-12 | 13-15 || total
-------------------------+-------+-------+-------+-------+-------++-------
Melee: Flail             |    23 |     8 |       |       |       ||    31
       Morningstar       |       |    17 |    77 |   580 |   739 ||  1413
       Headbutt          |       |       |       |       |    27 ||    27
 Abil: Heal Wounds       |       |     1 |     1 |    23 |    11 ||    36
Evoke: Wand              |       |       |     3 |       |       ||     3
  Use: Potion            |     1 |       |     1 |     3 |     3 ||     8
  Eat: Chunk             |       |       |       |     1 |     5 ||     6
       Ration            |       |       |       |     1 |       ||     1
Armor: Scale mail        |     5 |    12 |    19 |    63 |       ||    99
       Storm dragon scal |       |       |       |    69 |   125 ||   194
       Plate armour      |       |       |       |       |    30 ||    30
Dodge: Dodged            |     3 |    10 |    27 |   138 |   111 ||   289
Block: Shield            |     7 |    17 |    26 |   137 |       ||   187
       Large shield      |       |       |       |   152 |   546 ||   698

Table legend:
 A = Spawn XP
 B = Non-spawn XP
 C = Spawn XP percentage of total XP
 D = Spawn monster count
 E = Non-spawn monster count
 F = Spawn count percentage of total count
 G = Total turns spent on level
                    A         B        C        D         E        F      G
               +---------+---------+-------+---------+---------+-------+---------
         Total |       0 |   97600 |   0.0 |       0 |     184 |   0.0 |  3320
               +---------+---------+-------+---------+---------+-------+---------
             D |       0 |   97600 |   0.0 |       0 |     184 |   0.0 |  3320
               +---------+---------+-------+---------+---------+-------+---------
